 Dungeon Crawl Stone Soup version 0.27-a0-1321-gd358eaa319 (webtiles) character file.

Game seed: 2132092549413513738

5881 27snakeeyes612 the Cleaver (level 10, -1/136 HPs)
             Began as a Minotaur Berserker on June 22, 2021.
             Was an Elder of Trog.
             Killed from afar by an efreet (29 damage)
             ... with a fireball
             ... on level 8 of the Dungeon.
             The game lasted 00:05:55 (8376 turns).

27snakeeyes612 the Cleaver (Minotaur Berserker)     Turns: 8376, Time: 00:05:56

Health: -1/136     AC: 15    Str: 25    XL:     10   Next: 52%
Magic:  12/12      EV: 11    Int:  4    God:    Trog [****..]
Gold:   463        SH:  0    Dex: 10    Spells: 9/9 levels left

rFire    . . .     SeeInvis +   e - +7 executioner's axe "Testudineslayer" {speed, *Slow rN++ SInv}
rCold    . . .     Faith    .   (shield currently unavailable)
rNeg     + + .     Spirit   .   t - +0 chain mail
rPois    .         Reflect  .   (helmet restricted)
rElec    .         Harm     .   r - +1 cloak
rCorr    .         Rampage  .   j - +0 pair of gloves
Will     .....                  (no boots)
Stlth    ..........             (no amulet)
HPRegen  0.32/turn              (no ring)
MPRegen  0.13/turn              (no ring)

@: berserking, very quick
A: horns 2, retaliatory headbutt
a: Renounce Religion, Berserk, Trog's Hand, Brothers in Arms


You were on level 8 of the Dungeon.
You worshipped Trog.
Trog was greatly pleased with you.
You visited 1 branch of the dungeon, and saw 8 of its levels.

You collected 463 gold pieces.

Inventory:

Hand Weapons
 a - a +0 hand axe
 e - the +7 executioner's axe "Testudineslayer" (weapon) {speed, *Slow rN++ SInv}
   (You acquired it on level 6 of the Dungeon)

   Attacks with this weapon are significantly faster.
   It greatly protects you from negative energy.
   It lets you see invisible.
   It may slow you when you take damage.
 q - a +2 flail of draining
 v - a +1 whip of electrocution
Armour
 b - a +0 animal skin
 h - a +0 scale mail
 j - a +0 pair of gloves (worn)
 n - a +2 kite shield
 r - a +1 cloak (worn)
 t - a +0 chain mail (worn)
Jewellery
 l - a +6 ring of dexterity
 o - a ring of magical power
 G - a ring of poison resistance
Wands
 s - a wand of paralysis (2) (quivered)
 x - a wand of charming (8)
 E - a wand of digging (6)
Scrolls
 k - a scroll of blinking
 m - a scroll of identify
 p - 2 scrolls of immolation
 w - a scroll of enchant armour
 y - 2 scrolls of enchant weapon {unknown}
 A - a scroll of amnesia {unknown}
 C - a scroll of fog
 D - 2 scrolls of magic mapping {unknown}
Potions
 c - a potion of magic
 d - 2 potions of resistance
 f - 2 potions of degeneration {unknown}
 g - a potion of lignification
 i - 2 potions of might {unknown}
 u - 7 potions of curing {unknown}
 z - a potion of haste
 B - a potion of attraction {unknown}
 F - a potion of flight {unknown}


   Skills:
 + Level 9.4 Fighting
 + Level 9.9 Axes
 + Level 8.9 Armour
 + Level 8.0 Dodging
 - Level 0.4 Stealth
 - Level 5.6 Shields
 - Level 4.0 Invocations


You had 9 spell levels left.
You didn't know any spells.
Your spell library was empty.

Dungeon Overview and Level Annotations

Branches:
Dungeon (8/15)             Temple (0/1) D:6            Lair (0/6) D:8

Altars:
Zin

Shops:
D:4 :


Innate Abilities, Weirdness & Mutations

You have a pair of horns on your head.
You reflexively headbutt those who attack you in melee.


Message History

You slice the kobold brigand!!
You kill the kobold brigand!
Trog accepts your kill.
You slice the steam dragon!!
The steam dragon is severely wounded.
You barely miss the two-headed ogre. You slice the two-headed ogre!!
The two-headed ogre is heavily wounded.
The two-headed ogre hits you with a +0 giant club!!
The two-headed ogre hits you but does no damage.
You slice the two-headed ogre!!
You kill the two-headed ogre!
Trog accepts your kill.
You closely miss the steam dragon. Your headbutt misses the steam dragon.
The steam dragon is severely wounded.
The steam dragon bites you.
The steam dragon claws you but does no damage.
You hit the steam dragon but do no damage.
You headbutt the steam dragon, but do no damage.
The steam dragon is severely wounded.
The steam dragon bites you but does no damage.
The steam dragon closely misses you.
You slice the steam dragon!!
You kill the steam dragon!
Trog accepts your kill.
Your Dodging skill increases to level 8!
You slice the efreet!!
The efreet is heavily wounded.
The efreet hits you with a +4 scimitar of flaming!
* * * LOW HITPOINT WARNING * * *
The efreet burns you.
* * * LOW HITPOINT WARNING * * *
A red film seems to cover your vision as you go berserk!
You feel yourself moving faster!
You feel mighty! The efreet hits you but does no damage.
You slash the efreet!
The efreet is severely wounded.
The efreet gestures at you.
The fireball explodes!
The fireball engulfs you!!
You die...

#..#.#
#.#....).#.#.........#
####.##.
.##.#)#######...#####
.....#.#
#.#.))......#.#.##
#...##.
.##...####.#.#..# ....#
#...# #.##.## ...##
##...# #.##..# .###
########...# ..###.# ##
#...#R.###...### #.##
#..9○#@..###...###..#
..D..K..#)#...###...##.#
....9##.#.#.#[..###[...#
..8. .##)#.#.#.)..##..#
..R # #.#.#.).###....#
.. #)#...### .#..# ○
##...### ....## #..###
#.#..# #### #.#..#


You could see an efreet.

Vanquished Creatures
  A boulder beetle (D:8)
  3 two-headed ogres
  A gargoyle (D:8)
  Sigmund (D:5)
  2 steam dragons (D:8)
  An ice beast (D:6)
  A hornet zombie (D:7)
  A black bear (D:8)
  2 ogres
  2 centaurs
  2 phantoms
  4 kobold brigands
  A bullfrog (D:7)
  Blork the orc (D:4)
  A water moccasin zombie (D:5)
  A scorpion (D:6)
  A water moccasin skeleton (D:6)
  9 wights (D:8)
  A howler monkey (D:7)
  A bullfrog zombie (D:7)
  2 centaur zombies
  3 orc priests
  2 hounds
  2 jellies
  A gnoll shaman (D:7)
  4 orc wizards
  3 iguanas
  Natasha (twice) (D:4)
  A hound zombie (D:5)
  A howler monkey zombie (D:6)
  10 gnolls
  9 adders
  A white imp (D:6)
  3 ufetubi
  2 worms
  14 orcs
  7 bats
  6 endoplasms
  A giant cockroach (D:1)
  3 goblins
  7 hobgoblins
  7 jackals
  3 quokkas
  14 ball pythons
  A frilled lizard (D:2)
  17 kobolds
  4 rats
167 creatures vanquished.

Vanquished Creatures (collateral kills)
  A hound (D:6)
1 creature vanquished.

Grand Total: 168 creatures vanquished

Notes
Turn   | Place    | Note
-------+----------+-------------------------------------------
     0 | D:1      | 27snakeeyes612 the Minotaur Berserker began the quest for
                  | the Orb.
     0 | D:1      | Reached XP level 1. HP: 19/19 MP: 0/0
   614 | D:1      | Reached XP level 2. HP: 27/27 MP: 1/1
   759 | D:1      | Found a faded altar of an unknown god.
  1160 | D:2      | Reached XP level 3. HP: 32/33 MP: 2/2
  1339 | D:2      | Noticed an ogre
  1346 | D:2      | Killed an ogre
  1346 | D:2      | Reached ** piety under Trog
  1347 | D:2      | Reached skill level 5 in Axes
  1347 | D:2      | Reached XP level 4. HP: 33/41 MP: 3/3
  1747 | D:2      | Reached XP level 5. HP: 45/47 MP: 4/4
  2439 | D:3      | Found a glowing silver altar of Zin.
  3013 | D:4      | Reached skill level 1 in Shields
  3177 | D:4      | Reached XP level 6. HP: 41/55 MP: 5/5
  3180 | D:4      | Reached skill level 1 in Invocations
  3259 | D:4      | Noticed Blork the orc
  3265 | D:4      | Killed Blork the orc
  3266 | D:4      | Reached skill level 5 in Fighting
  3384 | D:4      | Found Buthredgh's Book Shop.
  3563 | D:4      | Noticed Natasha
  3570 | D:4      | Killed Natasha
  3659 | D:4      | Reached XP level 7. HP: 53/61 MP: 7/7
  4053 | D:4      | Noticed Natasha
  4069 | D:4      | Killed Natasha
  4429 | D:5      | Entered Level 5 of the Dungeon
  5103 | D:5      | Noticed Sigmund
  5108 | D:5      | Reached *** piety under Trog
  5115 | D:5      | Killed Sigmund
  5190 | D:5      | Reached skill level 5 in Armour
  5317 | D:5      | Identified the +3 leather armour of the Pleiades {rElec}
  5428 | D:5      | Reached XP level 8. HP: 55/70 MP: 9/9
  6064 | D:6      | Identified a scroll of acquirement
  6064 | D:6      | Acquired the +7 executioner's axe "Testudineslayer" {speed,
                  | *Slow rN++ SInv}
  6360 | D:6      | Found a staircase to the Ecumenical Temple.
  6545 | D:7      | Reached skill level 5 in Dodging
  7235 | D:7      | Identified the +4 rapier "Biabb" {vorpal, Int+4 Dex+8}
  7248 | D:7      | Reached XP level 9. HP: 72/78 MP: 11/11
  7401 | D:7      | Noticed a two-headed ogre
  7406 | D:7      | Killed a two-headed ogre
  7407 | D:7      | Reached skill level 5 in Shields
  7610 | D:8      | Reached **** piety under Trog
  7791 | D:8      | Noticed a two-headed ogre
  7797 | D:8      | Killed a two-headed ogre
  8021 | D:8      | Found a staircase to the Lair.
  8161 | D:8      | Noticed a boulder beetle
  8172 | D:8      | Killed a boulder beetle
  8173 | D:8      | Reached XP level 10. HP: 83/90 MP: 12/12
  8352 | D:8      | Noticed a gargoyle
  8353 | D:8      | Noticed a gargoyle
  8353 | D:8      | Noticed a two-headed ogre
  8361 | D:8      | Killed a gargoyle
  8370 | D:8      | Killed a two-headed ogre
  8376 | D:8      | Killed from afar by an efreet

Illustrated notes

Levels and vault maps discovered:
D:1:      mrwooster_arrival_statue, layout_basic,
          hellmonk_ecumenical_altar_inner_sanctum,
          amcnicky_mini_corridor_feature
D:2:      kennysheep_six_static_rooms, layout_basic
D:3:      layout_loops_ring, zin_statuary, minivault_23
D:4:      cheibrodos_thug_alley, layout_loops_ring, serial_shops,
          nicolae_shop_waterfront, uniq_blork_the_orc, uniq_natasha
D:5:      layout_basic, uniq_sigmund
D:6:      layout_loops_ring, minmay_temple_entry_trees
D:7:      layout_basic, hex_medium
D:8:      minmay_the_grid_four_pointed_star
          [minmay_the_grid_triangle_9x9_thin_v,
          minmay_the_grid_triangle_9x9_tough_junction,
          minmay_the_grid_triangle_9x9_alien,
          minmay_the_grid_triangle_9x9_steps, minmay_the_grid_prize_big_room],
          layout_basic, dpeg_oklobed_lair, ebering_ghost_funeral_grove

Skill      XL: |  1  2  3  4  5  6  7  8  9 10 |
---------------+-------------------------------+-----
Axes           | 4 5 6 7 9 |  9.9
Fighting       | 4 5 6 8 9 |  9.4
Armour         | 3 4 5 6 8 |  8.9
Shields        | 1 2 3 4 5 |  5.6
Dodging        | 3 4 5 7 8 |  8.0
Invocations    | 1 2 4 |  4.0
Stealth        | |  0.4

Action                   |  1- 3 |  4- 6 |  7- 9 | 10-12 || total
-------------------------+-------+-------+-------+-------++-------
Melee: Hand axe          |    57 |   138 |   168 |       ||   363
       Headbutt          |     9 |    25 |    48 |     6 ||    88
       Executioner's axe |       |       |   106 |    30 ||   136
Invok: Berserk           |     1 |     2 |     3 |     1 ||     7
       Trog's Hand       |       |     1 |     1 |       ||     2
  Use: Scroll            |       |       |    13 |       ||    13
 Stab: Distracted        |       |       |     1 |       ||     1
Armor: Animal skin       |     5 |       |       |       ||     5
       Scale mail        |    18 |    43 |       |       ||    61
       Chain mail        |       |    38 |   148 |    10 ||   196
Dodge: Dodged            |    43 |    45 |    75 |     9 ||   172
Block: Kite shield       |       |    58 |    83 |       ||   141

Table legend: (Time is in decaauts)
 A = Elapsed time spent in this place.
 B = Non-inter-level travel time spent in this place.
 C = Inter-level travel time spent in this place.
 D = Time resting spent in this place.
 E = Time spent auto-exploring this place.
 F = Levels seen in this place.
 G = Mean time per level.
                   A        B        C        D        E       F      G
               +--------+--------+--------+--------+--------+-----+--------+
         Total |   8527 |   8247 |    280 |    269 |   6887 |   8 | 1065.9 |
       Dungeon |   8527 |   8247 |    280 |    269 |   6887 |   8 | 1065.9 |
               +--------+--------+--------+--------+--------+-----+--------+

Top non-repeatable levels by time:
     D:4: 1593 daAuts
     D:5: 1177 daAuts
     D:2: 1078 daAuts
     D:7: 1000 daAuts
     D:1: 998 daAuts
     D:6: 965 daAuts
     D:3: 857 daAuts
     D:8: 856 daAuts
